 Dungeon Crawl Stone Soup version 0.27.1-4-g1640c2035a (webtiles) character file.

Game seed: 5594682386902343154

54 jjjjhere the Charlatan (level 3, 0/28 HPs)
             Began as a Gnoll Artificer on Nov 7, 2021.
             Slain by a worm (10 damage)
             ... on level 2 of the Dungeon on Nov 8, 2021.
             The game lasted 00:04:32 (2547 turns).

jjjjhere the Charlatan (Gnoll Artificer)            Turns: 2547, Time: 00:04:33

Health: 0/28       AC:  3    Str: 11    XL:     3   Next: 91%
Magic:  4/4        EV: 12    Int: 11    God:
Gold:   78         SH:  0    Dex: 12    Spells: 3/4 levels left

rFire    . . .     SeeInvis .   j - +0 dagger
rCold    . . .     Faith    .   (no shield)
rNeg     . . .     Spirit   .   b - +0 leather armour
rPois    .         Reflect  .   (no helmet)
rElec    .         Harm     .   (no cloak)
rCorr    .         Rampage  .   (no gloves)
Will     .....                  (no boots)
Stlth    ++........             (no amulet)
HPRegen  0.09/turn              (no ring)
MPRegen  0.09/turn              (no ring)

@: no status effects
A: fangs 1, strong nose, distributed training
a: no special abilities


You were on level 2 of the Dungeon.
You visited 1 branch of the dungeon, and saw 2 of its levels.

You collected 78 gold pieces.

Inventory:

Hand Weapons
 a - a +0 club
 j - a +0 dagger (weapon)
Missiles
 g - 2 javelins
Armour
 b - a +0 leather armour (worn)
Wands
 c - a wand of flame (12) (quivered)
 d - a wand of charming (13)
Scrolls
 f - a scroll of fog {unknown}
 h - 3 scrolls of identify {unknown}
 i - 2 scrolls of fear {unknown}
 k - 2 scrolls of amnesia {unknown}
Miscellaneous
 e - a piece from Xom's chessboard (15/15)


   Skills:
 + Level 2.6 Fighting
 + Level 1.0 Short Blades
 + Level 1.0 Long Blades
 + Level 1.0 Axes
 + Level 1.0 Maces & Flails
 + Level 1.0 Polearms
 + Level 1.0 Staves
 + Level 1.0 Slings
 + Level 1.0 Bows
 + Level 1.0 Crossbows
 + Level 1.0 Throwing
 + Level 4.6 Armour
 + Level 2.6 Dodging
 + Level 2.4 Stealth
 + Level 1.0 Shields
 + Level 1.0 Unarmed Combat
 + Level 1.0 Spellcasting
 + Level 0.7 Conjurations
 + Level 0.7 Hexes
 + Level 0.7 Summonings
 + Level 0.7 Necromancy
 + Level 0.7 Translocations
 + Level 0.7 Transmutations
 + Level 0.7 Fire Magic
 + Level 0.7 Ice Magic
 + Level 0.7 Air Magic
 + Level 0.7 Earth Magic
 + Level 0.7 Poison Magic
 + Level 1.0 Invocations
 + Level 6.5 Evocations


You had 3 spell levels left.
You knew the following spells:

 Your Spells              Type           Power      Damage    Failure   Level
a - Animate Skeleton      Necr           4%         N/A       30%         1

Your spell library contained the following spells:

 Spells                   Type           Power      Damage    Failure   Level
 Pain                     Necr           8%         1d4       30%         1
 Vampiric Draining        Necr           1%         2d6       67%         3


Dungeon Overview and Level Annotations

Branches:
Dungeon (2/15)

Altars:

Annotations:
D:2 1 runed translucent door, Crazy Yiuf, Terence


Innate Abilities, Weirdness & Mutations

You have very sharp teeth.
Your uncanny sense of smell can sniff out nearby items.
Your experience applies equally to all skills.


Message History

The jackal bites you but does no damage.
You hit the jackal.
You kill the jackal!
You start resting.
HP restored.
You see here a jackal corpse.
Key pressed, stopping explore.
As you open the door, it creaks loudly!
There is an open door here.
A worm comes into view.
You hit the worm but do no damage. You bite the worm, but do no damage.
There is an open door here.
You barely miss the worm. You hit the worm.
The worm is moderately wounded.
The worm bites you.
You hit the worm.
The worm is moderately wounded.
You barely miss the worm.
The worm is moderately wounded.
The worm bites you!
You hit the worm. You bite the worm, but do no damage.
The worm is heavily wounded.
The worm barely misses you.
You hit the worm.
The worm is heavily wounded.
You hit the worm but do no damage.
The worm is heavily wounded.
The worm bites you!
You hit the worm.
The worm is severely wounded.
You hit the worm.
The worm is severely wounded.
The worm misses you.
You hit the worm. You bite the worm, but do no damage.
The worm is severely wounded.
You hit the worm but do no damage.
The worm is severely wounded.
The worm bites you!
You die...

### #.#.# # ...#.#.# .#
#.#.#.##.# #.......?####
###...#...... #......###.
###.#### .# #w# #.# ... #@# #.#
#.# ##'## #.# #.# ##...## #.#
#.# ##.....## #.#### ####.##
##.......###.##.##
###.....####.........##.#...##
..........รทรท.........'.......#
###.#...####.........####....# #
#.##.## ##.......## ##.#.#


You could see a worm.

Vanquished Creatures
  2 dart slugs (D:1)
  4 bats
  5 endoplasms
  3 giant cockroaches
  A goblin (D:1)
  2 hobgoblins (D:1)
  13 jackals
  2 kobolds (D:1)
  2 quokkas (D:1)
  A ball python (D:1)
  2 frilled lizards (D:1)
  2 rats (D:1)
39 creatures vanquished.

Vanquished Creatures (collateral kills)
  3 jackals (D:2)
  A rat (D:2)
4 creatures vanquished.

Grand Total: 43 creatures vanquished

Notes
Turn   | Place    | Note
-------+----------+-------------------------------------------
     0 | D:1      | jjjjhere the Gnoll Artificer began the quest for the Orb.
     0 | D:1      | Reached XP level 1. HP: 17/17 MP: 1/1
    64 | D:1      | HP: 4/17 [goblin (3)]
   325 | D:1      | Reached XP level 2. HP: 23/23 MP: 2/2
   362 | D:1      | HP: 7/23 [jackal (1)]
   874 | D:1      | HP: 7/23 [quokka (2)]
  1175 | D:1      | Reached XP level 3. HP: 13/28 MP: 3/3
  1665 | D:1      | Reached skill level 1 in Invocations
  1669 | D:1      | HP: 8/28 [hobgoblin (4)]
  2033 | D:2      | Learned a level 1 spell: Animate Skeleton
  2136 | D:2      | Found a runed translucent door.
  2137 | D:2      | Noticed Crazy Yiuf
  2184 | D:2      | Noticed Terence
  2215 | D:2      | Reached skill level 1 in Short Blades
  2215 | D:2      | Reached skill level 1 in Long Blades
  2215 | D:2      | Reached skill level 1 in Axes
  2215 | D:2      | Reached skill level 1 in Maces & Flails
  2215 | D:2      | Reached skill level 1 in Polearms
  2215 | D:2      | Reached skill level 1 in Staves
  2215 | D:2      | Reached skill level 1 in Slings
  2215 | D:2      | Reached skill level 1 in Bows
  2215 | D:2      | Reached skill level 1 in Crossbows
  2215 | D:2      | Reached skill level 1 in Throwing
  2215 | D:2      | Reached skill level 1 in Shields
  2215 | D:2      | Reached skill level 1 in Unarmed Combat
  2215 | D:2      | Reached skill level 1 in Spellcasting
  2547 | D:2      | Slain by a worm

Illustrated notes

Levels and vault maps discovered:
D:1:      evilmike_arrival_fibonacci_small, layout_rooms, grunt_decor_junction
D:2:      layout_loops_corners, uniq_jessica, uniq_terence,
          uniq_crazy_yiuf_cottage, uniq_natasha

Skill      XL: |  1  2  3 |
---------------+----------+-----
Invocations    | 1 |  1.0
Short Blades   | 1 |  1.0
Long Blades    | 1 |  1.0
Axes           | 1 |  1.0
Maces & Flails | 1 |  1.0
Polearms       | 1 |  1.0
Staves         | 1 |  1.0
Slings         | 1 |  1.0
Bows           | 1 |  1.0
Crossbows      | 1 |  1.0
Throwing       | 1 |  1.0
Shields        | 1 |  1.0
Unarmed Combat | 1 |  1.0
Spellcasting   | 1 |  1.0
Fighting       | |  2.6
Armour         | |  4.6
Dodging        | |  2.6
Stealth        | |  2.4
Conjurations   | |  0.7
Hexes          | |  0.7
Summonings     | |  0.7
Necromancy     | |  0.7
Translocations | |  0.7
Transmutations | |  0.7
Fire Magic     | |  0.7
Ice Magic      | |  0.7
Air Magic      | |  0.7
Earth Magic    | |  0.7
Poison Magic   | |  0.7
Evocations     | |  6.5

Action                   || total
-------------------------++-------
Melee: Club              ||   117
       Bite              ||    19
       Dagger            ||   122
Evoke: Wand              ||     5
 Stab: Sleeping          ||     7
Armor: Leather armour    ||    72
Dodge: Dodged            ||   188
